[Event "Live Chess"]
[Site "Chess.com"]
[Date "2023.05.20"]
[Round "-"]
[White "GEMdzq"]
[Black "siddu198"]
[Result "1-0"]
[WhiteElo "2256"]
[BlackElo "1598"]
[TimeControl "300"]
[EndTime "13:12:06 PDT"]
[Termination "GEMdzq won by resignation"]

1. e4 e5 2. Nf3 Nc6 3. Bb5 Bc5 4.
O-O d6 5. c3 a6 6. Ba4 Nf6 7. d4 exd4 8. cxd4 Ba7 9. Nc3 O-O 10.
Bg5 h6 11. Bh4 Bg4 12. Nd5 g5 13. Bg3 Bxf3 14. Qxf3 Nxd5 15. Bxc6 bxc6 16. exd5 cxd5 17. Qxd5 Qf6 18. Rfd1 h5 19. f3 c5 20. Bf2 cxd4 21.
Bxd4 Bxd4+ 22. Rxd4 Rad8 23. Rad1 Qe7 24. Re4 Qa7+ 25.
Kh1 Qc5 26. h4 Qxd5 27. Rxd5 f6 28. hxg5 fxg5 29. Rxg5+ Kf7 30. Rxh5 Rh8 31. Rxh8 Rxh8+ 32. Kg1 d5 33. Re5 Rd8 34. Kf2 Kf6 35. f4 Rb8 36. b3 Rb5 37. Ke3 Ra5 38. a4 Rc5 39. Kd4 Rc1 40.
Rxd5 Rd1+ 41. Kc4 Rc1+ 42. Kb4 Rg1 43. Rg5 Rf1 44. g3 Rd1 45. Ka5 Rd6 46. b4 Ke6 47. b5 axb5 48. axb5 Rd1 49. b6 Ra1+ 50. Kb5 Rb1+ 51.
Kc6 Rc1+ 52. Kb7 Kd6 53. Rg6+ Kd7 54. f5 Rf1 55. g4 Ke7 56. Kc7 Rc1+ 57. Rc6 Rh1 58.
b7 Rh7 59. b8=Q 1-0

[Event "Live Chess"]
[Site "Chess.com"]
[Date "2023.05.20"]
[Round "-"]
[White "JanMur7"]
[Black "Vladyslav2008"]
[Result "1-0"]
[WhiteElo "1960"]
[BlackElo "2157"]
[TimeControl "300"]
[EndTime "13:12:08 PDT"]
[Termination "JanMur7 won by resignation"]

1. g3 d5 2. Bg2 Nf6 3. c4 e6 4.
cxd5 exd5 5. d4 c6 6. Nc3 Bf5 7. Nf3 Nbd7 8. Bf4 Bb4 9. O-O O-O 10. a3 Be7 11. b4 a5 12. b5 Ne4 13. Nxe4 Bxe4 14. bxc6 bxc6 15. Ne5 Bxg2 16. Kxg2 Nxe5 17.
Bxe5 Bf6 18. Bxf6 Qxf6 19. e3 Rab8 20. Qa4 h5 21. h4 Rb5 22. Rab1 Rfb8 23. Rxb5 Rxb5 24.
Rc1 Rb2 25. Rc2 Rb5 26. Rc5 Rxc5 27. dxc5 Qc3 28. Qxc6 Qxa3 29. Qxd5 Qc3 30. c6 a4 31. Qd8+ Kh7 32. c7 Qc6+ 33. Kh2 Qf3 34. Kg1 a3 35. c8=Q a2 36. Qc2+ 1-0

[Event "Live Chess"]
[Site "Chess.com"]
[Date "2023.05.20"]
[Round "-"]
[White "Shepherds_Pie"]
[Black "birdseed45"]
[Result "1-0"]
[WhiteElo "1906"]
[BlackElo "1885"]
[TimeControl "300"]
[EndTime "13:12:11 PDT"]
[Termination "Shepherds_Pie won by resignation"]

1. c4 c5 2. Nc3 Nc6 3. g3 g6 4.
Bg2 Bg7 5. Nf3 d6 6. O-O Nf6 7. d4 cxd4 8. Nxd4 Bd7 9. b3 O-O 10. Bb2 Rc8 11. e3 Bg4 12. Qd2 Qd7 13. Nd5 Nxd5 14.
cxd5 Ne5 15. f4 Bf5 16. Nxf5 Qxf5 17. fxe5 Qg4 18. Rf4 Qh5 19. exd6 exd6 20. Bxg7 Kxg7 21. Raf1 Qe5 22. Bh3 Rc3 23. Qd4 Rxe3 24. Qxe5+ Rxe5 25. Rd1 Re2 26. Rf2 Re5 27. Rc2 Re7 28. Bg2 Rd8 29.
Rdc1 a6 30. Kf2 b5 31. Rc7 Re5 32. Bf3 g5 33. R7c6 Rf5 34. Kg2 Kg6 35. Rxa6 h5 36.
h3 Re5 37. Rcc6 Kg7 38. Rxd6 Rc8 39. Rdc6 Rd8 40. d6 f5 41. Ra7+ Kf8 42. d7 g4 43.
hxg4 hxg4 44. Bd1 Rd5 45. Be2 R8xd7 46. Rxd7 Rxd7 47. Bxb5 Rd2+ 48. Kf1 Rxa2 49. Bc4 Kg7 50. Rc7+ Kf6 51. Rf7+ Ke5 52. Bd3 Rb2 53. Rxf5+ Kd4 54. Bc4 Ke3 55. Re5+ Kf3 56. Re1 Kxg3 57. Re3+ Kh2 58.
Re2+ Rxe2 59. Bxe2 g3 60. Bf3 Kh3 61. Kg1 Kh4 62. b4 Kh3 63. b5 g2 64. b6 1-0

[Event "Live Chess"]
[Site "Chess.com"]
[Date "2023.05.20"]
[Round "-"]
[White "profpirate4"]
[Black "fretle"]
[Result "0-1"]
[WhiteElo "1066"]
[BlackElo "1847"]
[TimeControl "300"]
[EndTime "13:12:12 PDT"]
[Termination "fretle won by resignation"]

1. d4 Nf6 2. c4 g6 3. Nc3 Bg7 4. f3 d5 5. cxd5 Nxd5 6. e4 Nxc3 7. bxc3 c5 8. Be3 Qa5 9. Ne2 Nc6 10. Qc2 O-O 11. d5 Nd4 12. Nxd4 cxd4 13. Bd2 dxc3 14. Be3 b5 15. a3 b4 16. axb4 Qxa1+ 17. Bc1 Rb8 0-1

[Event "Live Chess"]
[Site "Chess.com"]
[Date "2023.05.20"]
[Round "-"]
[White "lightningorderyt"]
[Black "FunSingingHawk"]
[Result "0-1"]
[WhiteElo "524"]
[BlackElo "1210"]
[TimeControl "300"]
[EndTime "13:12:15 PDT"]
[Termination "FunSingingHawk won by resignation"]

1. d4 d5 2. c4 Nc6 3. Nc3 Nf6 4. Bg5 e6 5. e3 Bd6 6. c5 Be7 7. Bxf6 Bxf6 8. Nf3 O-O 9. Bd3 e5 10. O-O exd4 11. exd4 Nxd4 12. Nxd4 Bxd4 13. Qc2 Bxc5 14.
Bxh7+ Kh8 15. Bd3 Be6 16. Na4 Bd4 17. Qe2 Qf6 18. Qh5+ Qh6 19. Qxh6+ gxh6 20. Rad1 c6 21. b3 b5 22. Be2 bxa4 23. Rxd4 c5 24. Rxa4 Rfb8 25.
Rh4 Kh7 26. Rc1 c4 27. bxc4 dxc4 28. Bxc4 Bxc4 29. Rcxc4 Rb1+ 0-1

[Event "Live Chess"]
[Site "Chess.com"]
[Date "2023.05.20"]
[Round "-"]
[White "MalcolmPein"]
[Black "wadsy27"]
[Result "0-1"]
[WhiteElo "2273"]
[BlackElo "2552"]
[TimeControl "300"]
[EndTime "13:12:20 PDT"]
[Termination "wadsy27 won by resignation"]

1. d4 Nf6 2. c4 c5 3. d5 e6 4. Nc3 exd5 5. cxd5 d6 6. Nf3 g6 7. e4 a6 8. a4 Bg4 9. Be2 Bg7 10. O-O O-O 11. h3 Bxf3 12. Bxf3 Nbd7 13. Re1 Rb8 14. Be2 Re8 15. Bf1 Qc7 16. Bf4 c4 17. a5 b5 18. axb6 Rxb6 19. Ra2 Nc5 20.
Be3 Rb4 21. Bd4 Nfd7 22. Bxg7 Kxg7 23. Qd4+ f6 24. Bxc4 Nb3 25. Qd1 Qxc4 0-1

[Event "Live Chess"]
[Site "Chess.com"]
[Date "2023.05.20"]
[Round "-"]
[White "OceanFloater"]
[Black "chessfiction"]
[Result "0-1"]
[WhiteElo "998"]
[BlackElo "2429"]
[TimeControl "300"]
[EndTime "13:12:29 PDT"]
[Termination "chessfiction won by checkmate"]

1. e4 e5 2. Nf3 d5 3. exd5 e4 4. Nd4 f5 5. Nc3 Nf6 6. f3 Bc5 7. fxe4 Bxd4 8. exf5 Bxf5 9. Qe2+ Kf7 10. g3 Re8 11.
Qxe8+ Qxe8+ 12. Be2 Bxc3 13. bxc3 Bg4 14. d3 Qxe2# 0-1

[Event "Live Chess"]
[Site "Chess.com"]
[Date "2023.05.20"]
[Round "-"]
[White "Iggle-Piggle"]
[Black "mattihelenius2"]
[Result "1-0"]
[WhiteElo "1255"]
[BlackElo "489"]
[TimeControl "300"]
[EndTime "13:12:40 PDT"]
[Termination "Iggle-Piggle won by resignation"]

1. e4 e5 2. Nf3 d5 3. exd5 Qxd5 4. Nc3 Qd8 5. Bc4 Qf6 6. O-O Bb4 7. Nd5 Qf5 8. Nxb4 Be6 9. Bxe6 Qxe6 10. Re1 Nc6 11.
Nxc6 bxc6 12. Rxe5 Nf6 1-0

[Event "Live Chess"]
[Site "Chess.com"]
[Date "2023.05.20"]
[Round "-"]
[White "LozzaLoaf"]
[Black "Inglaterra"]
[Result "0-1"]
[WhiteElo "241"]
[BlackElo "2061"]
[TimeControl "300"]
[EndTime "13:12:44 PDT"]
[Termination "Inglaterra won by checkmate"]

1. d4 d5 2. f3 Nf6 3. e4 dxe4 4. fxe4 Nxe4 5. Nc3 Nxc3 6. bxc3 e5 7. dxe5 Qh4+ 8.
g3 Qe4+ 9. Be2 Qxh1 10. Kf1 Bc5 11. Be3 Bxe3 12. Bb5+ c6 13. Ba4 Qxg1+ 14. Ke2 Bg4+ 15. Kd3 Bxd1 16. Rxd1 Qxd1+ 17. Kxe3 O-O 18. g4 Re8 19. h4 Rxe5+ 20. Kf4 Qe2 21. g5 Re4+ 22. Kf5 Qf3# 0-1

[Event "Live Chess"]
[Site "Chess.com"]
[Date "2023.05.20"]
[Round "-"]
[White "WelshTiger"]
[Black "LL220284LL"]
[Result "1-0"]
[WhiteElo "2413"]
[BlackElo "2393"]
[TimeControl "300"]
[EndTime "13:12:59 PDT"]
[Termination "WelshTiger won by resignation"]

1. e4 d5 2. exd5 Qxd5 3. Nc3 Qa5 4. d4 c6 5. Nf3 Nf6 6. Ne5 Nbd7 7. Nc4 Qc7 8. g3 Nb6 9. Bf4 Qd8 10. Nxb6 Qxb6 11. Rb1 g6 12. Bg2 Bg7 13. O-O O-O 14. Be5 Rd8 15. Qe2 Bg4 16. Bf3 Bxf3 17. Qxf3 Nd5 18. Bxg7 Kxg7 19. Ne2 Nf6 20. c3 Rd5 21. Nf4 Rd7 22.
Rfe1 Rad8 23. b4 Qb5 24. Re3 Qc4 25. Rbe1 e6 26. a4 Nd5 27. Nxd5 Rxd5 28. h4 Rf5 29. Qe4 Qd5 30. a5 h5 31. Qb1 Rf3 32. Rxf3 Qxf3 33. Re3 Qd5 34. Re5 Qc4 35. Rc5 Qd3 36. Qxd3 1-0

[Event "Live Chess"]
[Site "Chess.com"]
[Date "2023.05.20"]
[Round "-"]
[White "omisoc"]
[Black "djw60"]
[Result "1-0"]
[WhiteElo "2158"]
[BlackElo "2110"]
[TimeControl "300"]
[EndTime "13:13:04 PDT"]
[Termination "omisoc won by resignation"]

1. d4 Nf6 2. c4 e6 3. Nf3 d5 4. e3 Bd6 5. Nc3 O-O 6. b3 b6 7. Bd3 Bb7 8. O-O Ne4 9. Bb2 a6 10. Ne5 Nd7 11. Ne2 f6 12. Nxd7 Qxd7 13. f3 Ng5 14. Qc2 e5 15. cxd5 Bxd5 16. h4 Nh3+ 17. gxh3 Qxh3 18. Be4 c6 19. Rf2 exd4 20. Nxd4 Rae8 21.
Bxd5+ cxd5 22. Qf5 Qxh4 23. Qxd5+ Kh8 24. Qxd6 1-0

[Event "Live Chess"]
[Site "Chess.com"]
[Date "2023.05.20"]
[Round "-"]
[White "Tushinskiy"]
[Black "Bob2pen"]
[Result "1/2-1/2"]
[WhiteElo "2102"]
[BlackElo "1835"]
[TimeControl "300"]
[EndTime "13:13:09 PDT"]
[Termination "Game drawn by repetition"]

1. d4 Nf6 2. c3 g6 3. Nf3 Bg7 4. Bf4 O-O 5. Nbd2 d6 6. e4 Nbd7 7. Bg3 Re8 8. Bc4 e5 9. dxe5 Nxe5 10. Nxe5 dxe5 11. Qe2 Bd7 12. O-O Bc6 13. Rad1 Qe7 14. h3 Rad8 15. Bb3 Nh5 16. Kh2 Nxg3 17. fxg3 Rf8 18. Nf3 Kh8 19. Rxd8 Rxd8 20. Qc4 f6 21. Qe2 Be8 22. Qc4 Bc6 23. Rd1 h5 24. Rxd8+ Qxd8 25. Nh4 g5 26. Nf5 Qf8 27. Qe2 Be8 28. Bd5 c6 29. Bb3 Bg6 30. Qd3 Bxf5 31. exf5 Qe7 32. Qc4 Qf8 33. Qe6 h4 34. gxh4 gxh4 35. Qd7 Bh6 36. Be6 Bf4+ 37. Kh1 Qg7 38. Qe8+ Kh7 39. Qh5+ Qh6 40. Qg4 Qg5 41. Qd1 Bd2 42. Bc4 Kg7 43.
Be2 Qe3 44. Qf1 Qf4 45. Qxf4 Bxf4 46.
Kg1 Kf7 47. Kf2 Ke7 48. Kf3 Kd6 49. Ke4 b5 50. Bh5 a5 51. Bf7 c5 52. Be8 b4 53.
cxb4 cxb4 54. Kd3 Kc5 55. b3 Bg3 56. Bf7 Bf4 57. Ke4 Bg3 58. Bc4 Bf4 59. Be6 Bg3 60. Kf3 Kd4 61. Bc4 e4+ 62. Kg4 Ke5 63. Be2 Be1 64. Bc4 Bg3 65. Be2 Kd4 66. Bc4 Ke3 67.
Bd5 Kd4 68. Bc4 1/2-1/2

[Event "Live Chess"]
[Site "Chess.com"]
[Date "2023.05.20"]
[Round "-"]
[White "AdamOwls"]
[Black "toog"]
[Result "0-1"]
[WhiteElo "1932"]
[BlackElo "2614"]
[TimeControl "300"]
[EndTime "13:13:15 PDT"]
[Termination "toog won by resignation"]

1. e4 e5 2. Nf3 d6 3. d4 exd4 4. Nxd4 Nf6 5. Bd3 Be7 6. O-O O-O 7. c4 Nc6 8. Nxc6 bxc6 9. Nc3 Re8 10. Re1 Rb8 11. b3 Nd7 12. Bb2 Bf6 13. Rc1 Nc5 14.
Bb1 a5 15. Qc2 g6 16. f4 Bg7 17. Rcd1 Qh4 18. Qf2 Qxf2+ 19. Kxf2 a4 20. Nxa4 Nxa4 21. Bxg7 Kxg7 22. bxa4 Be6 23. Bd3 Rb4 24. Rb1 Rxa4 25. Rb7 Rxa2+ 26. Re2 Rxe2+ 27. Kxe2 Re7 28. Kf3 f5 29.
exf5 Bxf5 30. Bxf5 gxf5 31. h3 Kg6 32. g4 h5 33. g5 d5 34. cxd5 cxd5 35. Rb5 d4 36.
Rd5 Re3+ 37. Kf2 Rd3 38. Ke2 Re3+ 39. Kf2 Rxh3 40. Rxd4 Rc3 41. Rd5 h4 42. Kg2 c5 43.
Rd6+ Kh5 44. Rc6 Kg4 45. g6 Kxf4 46. Kh2 Rg3 47. g7 Rxg7 48. Rxc5 Kg4 49. Rc4+ f4 50.
Rc2 Ra7 51. Rg2+ Kf3 52. Rb2 Re7 53. Kg1 Re1+ 54. Kh2 Re2+ 55. Rxe2 Kxe2 0-1

[Event "Live Chess"]
[Site "Chess.com"]
[Date "2023.05.20"]
[Round "-"]
[White "onemoretime1975"]
[Black "bristolunichess"]
[Result "0-1"]
[WhiteElo "1879"]
[BlackElo "1811"]
[TimeControl "300"]
[EndTime "13:13:26 PDT"]
[Termination "bristolunichess won by resignation"]

1. e4 c5 2. Nf3 Nc6 3. d3 g6 4. g3 Bg7 5. Bg2 e6 6. c3 Nge7 7. O-O d5 8. exd5 exd5 9. d4 cxd4 10. Nxd4 O-O 11. Be3 Be6 12. Re1 Qd7 13. Na3 Rad8 14. Nac2 Nf5 15. Nxf5 Bxf5 16. Nd4 Be4 17. Bg5 Nxd4 18. cxd4 Rde8 19. Bxe4 dxe4 20. Be3 Qd5 21. Qa4 a6 22. b3 Rc8 23. Rac1 Rfd8 24. Rc5 Rxc5 25.
dxc5 Qd3 26. Qb4 Bc3 0-1

[Event "Live Chess"]
[Site "Chess.com"]
[Date "2023.05.20"]
[Round "-"]
[White "therealab0ne"]
[Black "apl_trainer"]
[Result "0-1"]
[WhiteElo "704"]
[BlackElo "1736"]
[TimeControl "300"]
[EndTime "13:13:29 PDT"]
[Termination "apl_trainer won on time"]

1. e4 c5 2. Nc3 e6 3. Nge2 Nc6 4.
g3 d5 5. Bg2 d4 6. Nb1 e5 7. O-O Nf6 8. d3 Be7 9. Nd2 O-O 10. Nf3 Ne8 11. h3 Nd6 12. g4 c4 13.
dxc4 Nxc4 14. Ng3 Re8 15. Nf5 Bf8 16. Bg5 f6 17. Bh6 gxh6 18. c3 Kh8 19. cxd4 Bxf5 20. gxf5 Nxd4 21. Nxd4 Qxd4 22. Qxd4 exd4 23. Rac1 Rac8 24.
e5 Nxe5 25. Bxb7 Rb8 26. Bd5 Rxb2 27. Rc7 a5 28. Rfc1 Rbb8 29. Ra7 Rec8 30. Rxc8 Rxc8 31. Bb7 Rb8 32. Kg2 d3 33. Kg3 d2 0-1

[Event "Live Chess"]
[Site "Chess.com"]
[Date "2023.05.20"]
[Round "-"]
[White "defenderalist"]
[Black "diana21strabt"]
[Result "0-1"]
[WhiteElo "1582"]
[BlackElo "1683"]
[TimeControl "300"]
[EndTime "13:13:29 PDT"]
[Termination "diana21strabt won by resignation"]

1. e4 d5 2. exd5 Qxd5 3. Nc3 Qa5 4. Bc4 Nf6 5. Nf3 Bg4 6. h3 Bh5 7. g4 Bg6 8. d3 Nc6 9. Bd2 O-O-O 10. Qe2 e5 11.
O-O-O Bb4 12. a3 Bxa3 13. bxa3 Qxa3+ 14. Kb1 Nb4 15. Bb3 Nxd3 16. cxd3 Bxd3+ 17. Qxd3 Qxb3+ 18. Kc1 Rxd3 0-1

[Event "Live Chess"]
[Site "Chess.com"]
[Date "2023.05.20"]
[Round "-"]
[White "chessfiction"]
[Black "ACx04"]
[Result "1-0"]
[WhiteElo "2429"]
[BlackElo "422"]
[TimeControl "300"]
[EndTime "13:13:42 PDT"]
[Termination "chessfiction won by checkmate"]

1. e4 e5 2. d4 exd4 3. c3 dxc3 4. Bc4 cxb2 5. Bxb2 Nf6 6. Qb3 Nxe4 7. Bxf7+ Ke7 8.
Nf3 Nd6 9. Bh5 g6 10. Bxh8 Nc6 11. O-O a6 12. Re1+ Ne5 13. Rxe5# 1-0

[Event "Live Chess"]
[Site "Chess.com"]
[Date "2023.05.20"]
[Round "-"]
[White "Pandreq"]
[Black "smoggyrabbit"]
[Result "0-1"]
[WhiteElo "1282"]
[BlackElo "1670"]
[TimeControl "300"]
[EndTime "13:13:43 PDT"]
[Termination "smoggyrabbit won by resignation"]

1. d4 e6 2. c4 f5 3. Nc3 Nf6 4. Bg5 Bb4 5. a3 Bxc3+ 6. bxc3 b6 7. Nf3 Bb7 8. e3 O-O 9. g3 d6 10. Bg2 Nbd7 11. O-O Qe8 12. Re1 Ne4 13. Qc2 h6 14. Bf4 g5 15. Bxg5 hxg5 16. Nxg5 Nxg5 17. Bxb7 Rb8 18.
Bc6 d5 19. cxd5 Nf3+ 20. Kg2 Nxe1+ 21. Rxe1 exd5 22. Bxd5+ Kh8 23. e4 f4 24. e5 Qh5 25.
Bf3 Qh6 26. Rh1 Rf7 27. g4 Rh7 28. h3 Rg8 29. Qc1 Nf8 30. Be4 Rhg7 31. f3 Ne6 32.
Bd5 Rd8 33. c4 Nxd4 34. Qc3 Ne2 35. Qb2 Ng3 36. Rh2 c6 37. Be4 Qh4 38. e6 Nxe4 39.
fxe4 Qg3+ 40. Kf1 Rd1+ 0-1

[Event "Live Chess"]
[Site "Chess.com"]
[Date "2023.05.20"]
[Round "-"]
[White "Duke_of_Bebington"]
[Black "CheckThis4"]
[Result "1/2-1/2"]
[WhiteElo "1600"]
[BlackElo "2536"]
[TimeControl "300"]
[EndTime "13:13:49 PDT"]
[Termination "Game drawn by agreement"]

1. e4 Nc6 2. Nf3 e5 3. Bc4 Nf6 4. d3 Be7 5. O-O d6 6. Be3 Na5 7. Bb3 Nxb3 8. axb3 a6 9. c3 O-O 10. Nbd2 Bg4 11. Qc2 Nd7 12. d4 f5 13. exf5 Bxf5 14. Qd1 e4 15. Ne1 d5 16. Nc2 Bd6 17. f3 Nf6 18.
fxe4 Bxh2+ 19. Kxh2 Ng4+ 20. Kg1 dxe4 21. Rxf5 Qh4 22.
Rxf8+ Rxf8 23. Nf1 Nf2 24. Bxf2 Qxf2+ 25. Kh1 Rf6 26. Nh2 Rg6 27. Qg1 Qxc2 28. Rf1 e3 29.
Re1 e2 30. Qe3 h6 31. Qe8+ Kh7 32. Qxe2 Qf5 33. Qe4 Qh5 34. Kg1 Qg5 35. Qf3 Qd2 36. Qf2 Qg5 37. Nf3 Qh5 38. Re3 Rf6 39. Qc2+ 1/2-1/2

[Event "Live Chess"]
[Site "Chess.com"]
[Date "2023.05.20"]
[Round "-"]
[White "wot-not"]
[Black "Stanbad1"]
[Result "0-1"]
[WhiteElo "1486"]
[BlackElo "2421"]
[TimeControl "300"]
[EndTime "13:13:50 PDT"]
[Termination "Stanbad1 won by resignation"]

1. d4 Nf6 2. Nc3 d5 3. Bg5 Nbd7 4. Nf3 e6 5. e3 a6 6. Bd3 b6 7. O-O c5 8. dxc5 bxc5 9. a3 Rb8 10. Rb1 Be7 11.
Ne2 c4 12. Bxf6 Nxf6 13. Bxc4 dxc4 14. Qxd8+ Bxd8 15. Ne5 Bc7 16. Nxc4 O-O 17. Nd2 Bb7 18. Nb3 Be4 19. Rbc1 Be5 20. Ned4 Bxd4 21. exd4 Bxc2 22. Rxc2 Rxb3 23. Rfc1 h6 24. f3 Rd8 25. Rc8 Rxc8 26. Rxc8+ Kh7 27. Rc6 Rxb2 28. Rxa6 Nd5 29. Ra7 Kg6 30.
a4 Nf4 31. g3 Ne2+ 32. Kf1 Nxd4 33. a5 Nxf3 34. a6 Nxh2+ 35. Kg1 Nf3+ 36. Kf1 Ra2 37.
Ra8 Ne5 38. a7 Nc6 0-1

[Event "Live Chess"]
[Site "Chess.com"]
[Date "2023.05.20"]
[Round "-"]
[White "Ferrarifan27"]
[Black "Tema1107"]
[Result "1-0"]
[WhiteElo "2070"]
[BlackElo "1967"]
[TimeControl "300"]
[EndTime "13:13:52 PDT"]
[Termination "Ferrarifan27 won by resignation"]

1. e4 c5 2. Nf3 d6 3. d4 cxd4 4.
Nxd4 Nf6 5. Nc3 g6 6. Nd5 Nxd5 7. Bb5+ Bd7 8. exd5 Bg7 9. O-O O-O 10. Bxd7 Nxd7 11.
Re1 Rc8 12. Bg5 Nf6 13. Nb3 h6 14. Bh4 a5 15. a4 Qc7 16. c3 Rfe8 17. Qf3 g5 18.
Bg3 Qc4 19. Nd4 Qxd5 20. Qe3 Ng4 21. Qe2 Ne5 22. Nf5 Bf8 23. Qh5 Qe6 24. Nd4 Qg6 25.
Qd1 Bg7 26. Qb3 Nc4 27. Qxb7 Rb8 28. Qc7 Ne5 29. Nc6 Rbc8 30. Nxe7+ 1-0

[Event "Live Chess"]
[Site "Chess.com"]
[Date "2023.05.20"]
[Round "-"]
[White "xx_blindpuffin_xx"]
[Black "Jonmill"]
[Result "1-0"]
[WhiteElo "2205"]
[BlackElo "1242"]
[TimeControl "300"]
[EndTime "13:13:57 PDT"]
[Termination "xx_blindpuffin_xx won by resignation"]

1. b3 e5 2. Bb2 Nc6 3. g3 d5 4. Bg2 f5 5. e3 Nf6 6. Ne2 Bd6 7.
f4 exf4 8. exf4 Bc5 9. d4 Bb6 10. O-O O-O 11. Nbc3 Ne4 12. Na4 Qf6 13. Nxb6 axb6 14. c4 Ne7 15. Qd3 c5 16. cxd5 Nxd5 17. dxc5 Qxb2 18. Qxd5+ Kh8 19. Rfe1 bxc5 20. Bxe4 fxe4 21.
Qxc5 Bh3 22. Qd4 Qc2 23. Qc3 Qd3 24. Rad1 Qf3 25. Qxf3 exf3 26. Nd4 Bg2 27. a4 Rfe8 28. Kf2 Rxe1 29. Rxe1 Rd8 30. Nxf3 Bxf3 31. Kxf3 Rd3+ 32. Kg4 Kg8 33. Rb1 Kf7 34. Kf5 Rd2 35. h4 g6+ 36. Ke4 b6 37. Rc1 Rb2 38. Rc3 Rg2 39. Kd5 Rd2+ 40.
Kc6 Rd8 41. Kxb6 1-0

[Event "Live Chess"]
[Site "Chess.com"]
[Date "2023.05.20"]
[Round "-"]
[White "rmethornhill"]
[Black "LiamClery2020"]
[Result "0-1"]
[WhiteElo "1176"]
[BlackElo "2079"]
[TimeControl "300"]
[EndTime "13:14:06 PDT"]
[Termination "LiamClery2020 won by resignation"]

1. e4 Nf6 2. e5 Nd5 3. d4 d6 4.
exd6 cxd6 5. Nf3 g6 6. Bc4 Nb6 7. Bb3 Bg7 8. c3 Nc6 9. Bg5 O-O 10. O-O h6 11. Be3 Bg4 12. Nbd2 e5 13. dxe5 dxe5 14. Qc2 Rc8 15. h3 Bxf3 16. Nxf3 Nd4 17. cxd4 Rxc2 18. Bxc2 exd4 19. Rad1 Qc7 20. Nxd4 Bxd4 21. Rxd4 Qxc2 22. Bxh6 Re8 23. Rd2 Qc5 24. Rfd1 Kh7 25. Be3 Qf5 26. Bxb6 axb6 27. Rd7 Re2 28. f3 Qc5+ 29. Kh1 Qf5 30. Rxb7 Qg5 31. Rg1 Rxb2 32. Rxf7+ Kg8 33. Ra7 Rc2 34.
a4 Rc1 35. Ra8+ Kh7 36. Ra7+ Kh6 37. Rxc1 Qxc1+ 38. Kh2 Qc8 39. Re7 Qa8 40. Re4 Qb8+ 41. Kh1 Qd6 42. Rh4+ Kg7 43. Rg4 Qd1+ 44. Kh2 Qd6+ 45.
Kh1 Kf6 46. Kg1 Qc5+ 47. Kh2 Kf5 48. Kh1 g5 49. Kh2 Qc7+ 50. Kh1 Qc5 51. Kh2 b5 52. axb5 Qxb5 53. Kh1 Qd7 54. Kg1 Qb5 55. Kh1 Qe2 56. Kg1 Qe1+ 57. Kh2 Qd2 58. Kg1 Kg6 59. Kh1 Kh5 60. Kh2 Qd6+ 61. Kg1 Qa6 62. Kh1 Qe2 63.
Kg1 Qe1+ 64. Kh2 Kg6 65. h4 Kf6 66. hxg5+ Kg6 67. Rg3 Qb4 68. Rg4 Qb8+ 69. Kg1 Qb3 70.
Kh1 Qc3 71. Kg1 Qc2 72. Kh1 Qd2 73. Kg1 Qe1+ 74. Kh2 Qe6 75. Kg1 Kf5 76. Kh2 Qg6 77. Kg1 Ke5 78. Kh1 Qb6 79. f4+ Kf5 80. Rh4 Qf2 81. Kh2 Qxh4+ 0-1

[Event "Live Chess"]
[Site "Chess.com"]
[Date "2023.05.20"]
[Round "-"]
[White "MrBlond89"]
[Black "domrobson"]
[Result "0-1"]
[WhiteElo "1340"]
[BlackElo "1737"]
[TimeControl "300"]
[EndTime "13:14:09 PDT"]
[Termination "domrobson won on time"]

1. e4 e5 2. Nf3 Nc6 3. Bc4 Nf6 4. O-O Bc5 5. c3 Nxe4 6. d4 d5 7. dxc5 dxc4 8. Qxd8+ Kxd8 9. Be3 h6 10. Nbd2 Bf5 11. Rad1 Ke7 12. Nxe4 Bxe4 13. Nd2 Bd3 14. Rfe1 f6 15.
Nf3 Rad8 16. Rd2 Rd7 17. Red1 Rhd8 18. b3 g5 19. bxc4 Bxc4 20. Rxd7+ Rxd7 21. Rxd7+ Kxd7 22. Nd2 Bxa2 23. Ne4 Ke6 24. g4 Bd5 25. f3 Bxe4 26. fxe4 a5 27. Bc1 Na7 28. Bb2 Nb5 29. c4 Nd4 30.
Kf2 a4 31. Ke3 a3 32. Bc3 a2 33. h3 Nc2+ 34. Kd3 a1=Q 35. Bxa1 Nxa1 0-1

[Event "Live Chess"]
[Site "Chess.com"]
[Date "2023.05.20"]
[Round "-"]
[White "NatashaRegan"]
[Black "Brooms1989"]
[Result "1-0"]
[WhiteElo "1813"]
[BlackElo "1018"]
[TimeControl "300"]
[EndTime "13:14:14 PDT"]
[Termination "NatashaRegan won by checkmate"]

1. Nf3 Nc6 2. d4 d5 3. c4 Nf6 4. cxd5 Nxd5 5. e4 Nb6 6. d5 Nb4 7. a3 Na6 8. Bxa6 bxa6 9. O-O Bg4 10. h3 Bh5 11. Nc3 g6 12. g4 Bxg4 13. hxg4 Bg7 14.
Qe2 Qc8 15. Bf4 Qxg4+ 16. Bg3 h5 17. Ne5 Qxe2 18. Nxe2 Bxe5 19. Bxe5 O-O 20. Bxc7 Nd7 21. Nd4 Rac8 22. d6 exd6 23. Bxd6 Rfe8 24. Rfe1 Rc4 25. Rad1 Kh7 26. e5 f6 27. e6 Nb6 28. e7 h4 29.
b4 g5 30. Nf5 Kg6 31. Ne3 Rc3 32. Nd5 Rc4 33. Re6 Rg4+ 34. Kh2 h3 35. Nxf6 Rh8 36. Nxg4+ Kf7 37. Rf6+ Ke8 38. Rf8+ Rxf8 39. exf8=Q+ Kd7 40. Ne5+ Ke6 41. Qf7# 1-0

[Event "Live Chess"]
[Site "Chess.com"]
[Date "2023.05.20"]
[Round "-"]
[White "Salpingidis"]
[Black "BritishIsles"]
[Result "0-1"]
[WhiteElo "2242"]
[BlackElo "2433"]
[TimeControl "300"]
[EndTime "13:14:18 PDT"]
[Termination "BritishIsles won by resignation"]

1. d4 d6 2. c4 e5 3. e3 Nc6 4. Nc3 g6 5. g3 Bg7 6. Nge2 Bg4 7. d5 Bf3 8. Rg1 Nce7 9. Bg2 Bxg2 10. Rxg2 f5 11.
e4 Nf6 12. exf5 Nxf5 13. Bg5 h6 14. Bxf6 Qxf6 15. Ne4 Qe7 16. N2c3 O-O 17. Qd2 Nd4 18. O-O-O c6 19. Kb1 a6 20. dxc6 bxc6 21. f4 Rab8 22. fxe5 Qxe5 23. Re1 Nf3 24. Qe3 Nxe1 25. Qxe1 d5 0-1

[Event "Live Chess"]
[Site "Chess.com"]
[Date "2023.05.20"]
[Round "-"]
[White "1PRK1"]
[Black "mightysmasher"]
[Result "0-1"]
[WhiteElo "1378"]
[BlackElo "2125"]
[TimeControl "300"]
[EndTime "13:14:22 PDT"]
[Termination "mightysmasher won by resignation"]

1. e4 e6 2. d4 d5 3. Nc3 dxe4 4. Nxe4 c5 5. Nf3 Nc6 6. Be3 Nf6 7. Nxf6+ Qxf6 8. Bb5 Bd7 9. O-O O-O-O 10. Bg5 Qg6 11. Bxd8 Kxd8 12. d5 exd5 13. Qxd5 Kc8 14. Ne5 Nxe5 15.
Rfd1 Qe6 16. Qxe6 Bxe6 17. Re1 Ng6 18. Rad1 a6 19. Bd3 c4 20. Be4 Bc5 21. c3 Nf4 22. g3 Nh3+ 23. Kg2 Nxf2 24. Rd2 Bh3+ 25. Kf3 Nxe4 26. Rxe4 Be6 27. Rde2 Bd5 28. Rd2 Rd8 29. Kf4 g5+ 30. Kf5 Bxe4+ 31. Kxe4 Rxd2 0-1

[Event "Live Chess"]
[Site "Chess.com"]
[Date "2023.05.20"]
[Round "-"]
[White "manthanit"]
[Black "YrrriKharkiv"]
[Result "0-1"]
[WhiteElo "1009"]
[BlackElo "2036"]
[TimeControl "300"]
[EndTime "13:14:27 PDT"]
[Termination "YrrriKharkiv won on time"]

1. e4 e6 2. Nf3 d5 3. exd5 exd5 4.
g3 Bd6 5. Bg2 Nc6 6. h3 Nge7 7.
O-O O-O 8. d4 Bf5 9. a3 f6 10.
c3 Qd7 11. Kh2 Ng6 12. Nbd2 h5 13. c4 dxc4 14. Nxc4 h4 15. Nxd6 Qxd6 16. Nxh4 Nxh4 17. Bf4 Qxd4 18. Qxd4 Nxd4 19. gxh4 c6 20. Rad1 Ne6 21. Rfe1 Nxf4 22. Be4 Bxe4 23. Rxe4 Nd5 24. Rg4 Kf7 25. Rdg1 Rg8 26. h5 Rae8 27. f3 Ne3 28. Re4 Rxe4 29. fxe4 Nc4 30. Rd1 Ke6 31. Kg3 Rh8 32. Kh4 Ne5 33.
Kg3 Ke7 34. b3 Rxh5 35. Kh2 g5 36. Kg2 Rh4 37. a4 Rxe4 38. Rd2 Ng6 39. Kf2 Nf4 40. Kf3 Re1 41. h4 Rh1 42. hxg5 fxg5 43. Kg4 Ne6 44. Re2 Rh4+ 45. Kf5 Rf4+ 46. Ke5 g4 47. Rh2 g3 48. Rh7+ Rf7 49. Rh3 Rg7 50. Rh6 Nc5 51. Kd4 Nxb3+ 0-1

[Event "Live Chess"]
[Site "Chess.com"]
[Date "2023.05.20"]
[Round "-"]
[White "booktrunk"]
[Black "Jo1ts"]
[Result "1-0"]
[WhiteElo "1291"]
[BlackElo "729"]
[TimeControl "300"]
[EndTime "13:14:27 PDT"]
[Termination "booktrunk won by resignation"]

1. d4 d5 2. c3 Nf6 3. Bf4 Bf5 4. Nf3 c5 5. h3 Nc6 6. dxc5 e6 7. b4 b6 8. cxb6 Qxb6 9. e3 Be7 10. Bd3 Bxd3 11. Qxd3 O-O 12. O-O Rad8 13. a3 a5 14. Nbd2 axb4 15.
axb4 Ra8 16. Rxa8 Rxa8 17. Nd4 Ra3 18. Nxc6 Qxc6 19. Be5 Qxc3 20. Bxc3 Rxc3 21. Qxc3 1-0